 Dungeon Crawl Stone Soup version 0.27-a0-323-gbd089401bb (webtiles) character file.

Game seed: 12131838674375994393

21 dickylongcocking the Conjurer (level 2, 0/15 HPs)
             Began as a Tengu Conjurer on Feb 11, 2021.
             Slain by a bat (1 damage)
             ... on level 1 of the Dungeon.
             The game lasted 00:00:49 (478 turns).

dickylongcocking the Conjurer (Tengu Conjurer)       Turns: 478, Time: 00:00:50

Health: 0/15       AC:  4    Str:  7    XL:     2   Next: 87%
Magic:  1/6        EV: 14    Int: 18    God:
Gold:   31         SH:  0    Dex: 12    Spells: 5/6 levels left

rFire    + . .     SeeInvis .   e - +0 short sword
rCold    . . .     Faith    .   (no shield)
rNeg     . . .     Spirit   .   a - +0 robe
rPois    .         Reflect  .   (helmet restricted)
rElec    .         Harm     .   c - +0 cloak
rCorr    .         Rampage  .   d - +0 pair of gloves
Will     .....                  (boots unavailable)
Stlth    ++........             (no amulet)
HPRegen  0.05/turn              b - ring of protection from fire
MPRegen  0.10/turn              (no ring)

@: flying quickly and evasively (expiring), quick
A: beak, talons 3
a: no special abilities


You were on level 1 of the Dungeon.
You visited 1 branch of the dungeon, and saw 1 of its levels.

You collected 31 gold pieces.

Inventory:

Hand Weapons
 e - a +0 short sword (weapon)
Armour
 a - a +0 robe (worn)
 c - a +0 cloak (worn)
 d - a +0 pair of gloves (worn)
Jewellery
 b - a ring of protection from fire (left hand)


   Skills:
 - Level 2.2 Dodging
 - Level 2.0 Stealth
 * Level 2.5 Spellcasting
 * Level 5.9 Conjurations


You had 5 spell levels left.
You knew the following spells:

 Your Spells              Type           Power        Failure   Level
a - Magic Dart            Conj           92%          1%          1

Your spell library contained the following spells:

 Spells                   Type           Power        Failure   Level
 Searing Ray              Conj           46%          2%          2
 Dazzling Flash           Conj/Hex       26%          16%         3
 Fulminant Prism          Conj/Hex       6%           45%         4
 Iskenderun's Mystic Bla  Conj/Tloc      13%          45%         4


Dungeon Overview and Level Annotations

Branches:
Dungeon (1/15)

Altars:


Innate Abilities, Weirdness & Mutations

You have a beak for a mouth.
You have claws for feet.


Message History

Casting: Magic Dart (safe; 1% risk of failure)
Confirm with . or Enter, or press ? or * to list all spells.
Aiming: Magic Dart (safe; 1% risk of failure)
Press: ? - help, Shift-Dir - straight line, f - bat
Aim: a bat (0% to evade)
The magic dart hits the bat but does no damage.
The bat misses you. The bat barely misses you.
Unknown command.
Casting: Magic Dart (safe; 1% risk of failure)
Confirm with . or Enter, or press ? or * to list all spells.
Aiming: Magic Dart (safe; 1% risk of failure)
Press: ? - help, Shift-Dir - straight line, f/p - bat
Aim: a bat (0% to evade)
The magic dart hits the bat but does no damage.
The bat hits you but does no damage. The bat barely misses you.
The bat misses you.
Unknown command.
As you read the scroll labelled TOIHEBBUOM, it crumbles to dust.
It is a scroll of identify.
You don't have any unidentified items.
A bat comes into view.
The bat misses you. The bat hits you but does no damage.
You are starting to lose your buoyancy.
The bat closely misses you. x2
The bat barely misses you. The bat hits you.
* * * LOW HITPOINT WARNING * * *
Found a dagger.
The bat misses you. The bat barely misses you. The bat misses you.
The bat closely misses you. The bat hits you.
* * * LOW HITPOINT WARNING * * *
The bat misses you. The bat barely misses you. The bat closely misses you.
The bat hits you.
* * * LOW HITPOINT WARNING * * *
The bat hits you.
* * * LOW HITPOINT WARNING * * *
You see here 15 stones.
The bat barely misses you. The bat closely misses you. The bat misses you.
The bat hits you.
You die...

.).................... +.8.<.8.+
.......##..###....... #.......#
####......#...#.###.# #.8.8.8.#
.......##........... #.......#
...(...............# #.####+####
....#.....####...>.## #..........
......###...........#######.####.
....#######..#.......# #..# #.
..†....#.....#..@..# #...# #.
...)##...###...bb#.##..##...# #.
...........##..h(.......#...# #.
........##.....b............# ..
.............h..........?.#†# ..
.......####..B...............
....#### #..............$ #.
....# ####r............
....####................


You could see 2 jackals, a giant cockroach, 3 bats and a rat.

Vanquished Creatures
  3 leopard geckos (D:1)
  3 bats (D:1)
  2 goblins (D:1)
  3 hobgoblins (D:1)
  A jackal (D:1)
  3 kobolds (D:1)
  A frilled lizard (D:1)
16 creatures vanquished.

Notes
Turn   | Place    | Note
-------+----------+-------------------------------------------
     0 | D:1      | dickylongcocking the Tengu Conjurer began the quest for the
                  | Orb.
     0 | D:1      | Reached XP level 1. HP: 10/10 MP: 4/4
   189 | D:1      | Reached XP level 2. HP: 8/15 MP: 0/6
   478 | D:1      | Slain by a bat

Illustrated notes

Levels and vault maps discovered:
D:1:      doesnt_arrival_eight_statues, layout_rooms

Action                   || total
-------------------------++-------
Melee: Short sword       ||     3
 Cast: Magic Dart        ||    27
  Use: Scroll            ||     1
       Potion            ||     1
Armor: Robe              ||    16
Dodge: Dodged            ||    48

Table legend: (Time is in decaauts)
 A = Elapsed time spent in this place.
 B = Non-inter-level travel time spent in this place.
 C = Inter-level travel time spent in this place.
 D = Time resting spent in this place.
 E = Time spent auto-exploring this place.
 F = Levels seen in this place.
 G = Mean time per level.
                   A        B        C        D        E       F      G
               +--------+--------+--------+--------+--------+-----+--------+
         Total |    474 |    474 |      0 |    131 |    187 |   1 |  474.0 |
       Dungeon |    474 |    474 |      0 |    131 |    187 |   1 |  474.0 |
               +--------+--------+--------+--------+--------+-----+--------+

Top non-repeatable levels by time:
     D:1: 474 daAuts
